 Dungeon Sprint DCSS version 0.29-a0-700-g2f1814c7b2 (webtiles) character file.

Game seed: 574145948547826109

637 mhtbhm the Covert (level 7, -6/32 HPs)
             Began as a Spriggan Enchanter on June 25, 2022.
             Was an Initiate of Dithmenos.
             Mangled by Sonja
             ... wielding a +1 short sword of venom
              (9 damage)
             ... in the Dungeon (Sprint I: "Red Sonja").
             The game lasted 00:01:32 (720 turns).

mhtbhm the Covert (Spriggan Enchanter)               Turns: 720, Time: 00:01:34

Health: -6/32      AC:  2    Str:  4    XL:     7   Next: 25%
Magic:  10/18      EV: 21    Int: 17    God:    Dithmenos [......]
Gold:   114        SH:  0    Dex: 17    Spells: 9/20 levels left

rFire   . . .      SeeInvis +   a - +5 dagger of Huqagraa {freeze, rPois}
rCold   . . .      Faith    .   (no shield)
rNeg    . . .      Spirit   .   b - +0 robe
rPois   +          Reflect  .   (helmet restricted)
rElec   .          Harm     .   (no cloak)
rCorr   .          Rampage  .   (gloves unavailable)
Will    +....      NoTele   +   (boots unavailable)
Stlth   ++++++....              (no amulet)
HPRegen 0.10/turn               (no ring)
MPRegen 0.16/turn               (no ring)

@: lethally poisoned (-6 -> -34), very quick
A: very small, no large weapons, unfitting armour, see invisible, speed 3
a: Renounce Religion


You were in the Dungeon.
You worshipped Dithmenos.
Dithmenos was noncommittal.
You visited 1 branch You collected 317 gold pieces.
You spent 203 gold pieces at shops.

Inventory:

Hand Weapons
 a - the +5 dagger of Huqagraa (weapon) {freeze, rPois}
   (You bought it in a shop in the Dungeon)

   It freezes those it strikes, dealing additional cold damage.
   It can also slow down cold-blooded creatures.
   rPois:     It protects you from poison.
Armour
 b - a +0 robe (worn)
Wands
 h - a wand of flame (9)
Scrolls
 i - a scroll of blinking
Potions
 c - 2 potions of invisibility
 d - a potion of curing
 f - a potion of haste
 g - 2 potions of magic


   Skills:
 + Level 0.9 Fighting
 + Level 4.9 Short Blades
 + Level 6.9 Dodging
 + Level 14.0 Stealth
 + Level 7.2 Spellcasting
 + Level 0.1 Conjurations
 + Level 11.3 Hexes
 + Level 1.7 Ice Magic
 * Level 2.4 Invocations


You had 9 spell levels left.
You knew the following spells:

 Your Spells              Type           Power      Damage    Failure   Level
a - Ensorcelled Hibernat  Hex/Ice        56%        N/A       1%          2
b - Confusing Touch       Hex            44%        N/A       1%          3
c - Tukima's Dance        Hex            44%        N/A       1%          3
d - Dazzling Flash        Conj/Hex       50%        N/A       3%          3

Your spell library contained the following spells:

 Spells                   Type           Power      Damage    Failure   Level


Dungeon Overview and Level Annotations

Branches:
Dungeon (1/1)

Altars:
Cheibriados
Dithmenos
Elyvilon
Fedhas
Gozag
Hepliaklqana
Kikubaaqudgha
Makhleb
Nemelex Xobeh
Okawaru
Qazlal
Ru
Sif Muna
Trog
Uskayaw
Vehumet
Wu Jian
Xom
Yredelemnul
Zin
The Shining One
Jiyva
Lugonu

Shops:
D (

Annotations:
D Sonja


Innate Abilities, Weirdness & Mutations

You are very small and have problems with some larger weapons.
You are too small for most types of armour.
You have supernaturally acute eyesight. (SInv)
You cover ground extremely quickly. (Speed+++)


Message History

Sonja hits you with a +1 short sword of venom!
Sonja misses you.
Unknown command.
Casting: Ensorcelled Hibernation (safe; 1% risk of failure)
Confirm with . or Enter, or press ? or * to list all spells.
Aiming: Ensorcelled Hibernation (safe; 1% risk of failure)
Press: ? - help, Shift-Dir - straight line, f/p - Sonja
Aim: Sonja, wielding a +1 short sword of venom and quivering curare-tipped darts (strong, chance to affect: 67%) Sonja struggles to resist.
Sonja closely misses you. x2
Sonja hits you with a +1 short sword of venom!
Unknown command.
Casting: Ensorcelled Hibernation (safe; 1% risk of failure)
Confirm with . or Enter, or press ? or * to list all spells.
Aiming: Ensorcelled Hibernation (safe; 1% risk of failure)
Press: ? - help, Shift-Dir - straight line, f/p - Sonja
Aim: Sonja, wielding a +1 short sword of venom and quivering curare-tipped darts (strong, chance to affect: 67%) Sonja struggles to resist.
Sonja misses you.
Sonja hits you with a +1 short sword of venom.
You are poisoned.
Sonja hits you with a +1 short sword of venom!
* * * LOW HITPOINT WARNING * * *
Sonja gestures wildly while chanting.
Sonja blinks!
You feel much better.
You feel very sick. Sonja completely misses you. Sonja misses you.
Sonja closely misses you.
Casting: Ensorcelled Hibernation (safe; 1% risk of failure)
Confirm with . or Enter, or press ? or * to list all spells.
Aiming: Ensorcelled Hibernation (safe; 1% risk of failure)
Press: ? - help, Shift-Dir - straight line, f/p - Sonja
Aim: Sonja, wielding a +1 short sword of venom and quivering curare-tipped darts (strong, chance to affect: 67%) Sonja struggles to resist.
You feel sick.
Sonja shouts, "Hah!
Missed me again!"
Sonja hits you with a +1 short sword of venom!!
Ouch! That really hurt!
* * * LOW HITPOINT WARNING * * *
You are more poisoned.
Sonja closely misses you.
Sonja hits you with a +1 short sword of venom!
You die...

#..#####'#####'#__#
#..####..#...#.####
#..#__####..##.#
#..#_____##'#_.+
#⌠⌠#_.∩.)÷'..._#
####_..__##_.#'#
#_____###'#(#
#########K###


+$@$+ #$.$# ##.## #+# You could see Sonja (strong).

Vanquished Creatures
  A slime creature (D)
  Sigmund (D)
  A yak (D)
  An ogre (D)
  A jelly (D)
  Ijyb (D)
6 creatures vanquished.

Notes
Turn   | Place    | Note
-------+----------+-------------------------------------------
     0 | D        | mhtbhm the Spriggan Enchanter began the quest for the Orb.
     0 | D        | Reached XP level 1. HP: 9/9 MP: 5/5
     2 | D        | Noticed Ijyb
    10 | D        | Killed Ijyb
    11 | D        | Reached skill level 6 in Stealth
    11 | D        | Reached skill level 5 in Hexes
    11 | D        | Reached XP level 2. HP: 4/13 MP: 5/7
   246 | D        | Learned a level 2 spell: Ensorcelled Hibernation
   248 | D        | Noticed an ogre
   261 | D        | Killed an ogre
   262 | D        | Reached skill level 9 in Stealth
   262 | D        | Reached XP level 3. HP: 17/17 MP: 3/10
   262 | D        | Reached XP level 4. HP: 21/21 MP: 3/11
   338 | D        | Learned a level 3 spell: Confusing Touch
   342 | D        | Learned a level 3 spell: Tukima's Dance
   346 | D        | Learned a level 3 spell: Dazzling Flash
   349 | D        | Noticed Sigmund
   352 | D        | Killed Sigmund
   353 | D        | Reached skill level 5 in Dodging
   353 | D        | Reached skill level 11 in Stealth
   353 | D        | Reached XP level 5. HP: 25/25 MP: 11/14
   353 | D        | Reached XP level 6. HP: 29/29 MP: 12/16
   366 | D        | Found an ornate altar of the Wu Jian Council.
   366 | D        | Found a shimmering blue altar of Sif Muna.
   368 | D        | Found a radiant altar of Vehumet.
   373 | D        | Reached skill level 12 in Stealth
   373 | D        | Reached skill level 1 in Ice Magic
   374 | D        | Found Imianedwuf's Antique Weapon Emporium.
   374 | D        | Found an ancient bone altar of Kikubaaqudgha.
   374 | D        | Found a hazy altar of Hepliaklqana.
   374 | D        | Found a stormy altar of Qazlal.
   374 | D        | Found a hide-covered altar of Uskayaw.
   374 | D        | Found a blossoming altar of Fedhas.
   374 | D        | Found a bloodstained altar of Trog.
   374 | D        | Found an iron altar of Okawaru.
   374 | D        | Found a basalt altar of Yredelemnul.
   374 | D        | Found a glowing golden altar of the Shining One.
   374 | D        | Found a snail-covered altar of Cheibriados.
   374 | D        | Found a sacrificial altar of Ru.
   374 | D        | Found a glowing silver altar of Zin.
   374 | D        | Found a shadowy altar of Dithmenos.
   374 | D        | Found a white marble altar of Elyvilon.
   374 | D        | Noticed a yak
   375 | D        | Found an opulent altar of Gozag.
   376 | D        | Killed a yak
   377 | D        | Reached skill level 13 in Stealth
   377 | D        | Reached skill level 10 in Hexes
   377 | D        | Found a sparkling altar of Nemelex Xobeh.
   383 | D        | Became a worshipper of Dithmenos the Shadowed
   417 | D        | Bought an ancient dagger for 203 gold pieces
   417 | D        | Identified the +5 dagger of Huqagraa {freeze, rPois} (You
                  | bought it in a shop in the Dungeon)
   438 | D        | Found a burning altar of Makhleb.
   438 | D        | Found a viscous altar of Jiyva.
   438 | D        | Found a shimmering altar of Xom.
   438 | D        | Found a corrupted altar of Lugonu.
   438 | D        | Noticed a slime creature
   526 | D        | Killed a slime creature
   527 | D        | Reached skill level 14 in Stealth
   527 | D        | Reached XP level 7. HP: 25/32 MP: 10/18
   712 | D        | Noticed Sonja
   720 | D        | Mangled by Sonja

Illustrated notes

Levels and vault maps discovered:
D:        dungeon_sprint_1 [red_sonja_temple_1, red_sonja_temple_small_1]

Skill      XL: |  1  2  3  4  5  6 |
---------------+-------------------+-----
Short Blades   | 2 3 4 |  4.9
Dodging        | 3 4 5 6 |  6.9
Stealth        | 6 9 11 14 | 14.0
Spellcasting   | 3 4 6 7 |  7.2
Hexes          | 5 7 9 11 | 11.3
Ice Magic      | 1 |  1.7
Invocations    | 2 |  2.4
Fighting       | |  0.9
Conjurations   | |  0.1

Action                   |  1- 3 |  4- 6 |  7- 9 || total
-------------------------+-------+-------+-------++-------
Melee: Dagger            |     8 |     7 |       ||    15
 Cast: Ensorcelled Hiber |     1 |     7 |     4 ||    12
       Dazzling Flash    |       |     1 |       ||     1
  Use: Potion            |     1 |       |     1 ||     2
 Stab: Sleeping          |     1 |     3 |       ||     4
       Invisible         |       |     1 |       ||     1
Armor: Robe              |       |     1 |       ||     1
Dodge: Dodged            |     4 |     2 |    10 ||    16

Table legend: (Time is in decaauts)
 A = Elapsed time spent in this place.
 B = Non-inter-level travel time spent in this place.
 C = Inter-level travel time spent in this place.
 D = Time resting spent in this place.
 E = Time spent auto-exploring this place.
 F = Levels seen in this place.
 G = Mean time per level.
                   A        B        C        D        E       F      G
               +--------+--------+--------+--------+--------+-----+--------+
         Total |    669 |    669 |      0 |    512 |      0 |   1 |  669.0 |
       Dungeon |    669 |    669 |      0 |    512 |      0 |   1 |  669.0 |
               +--------+--------+--------+--------+--------+-----+--------+

Top non-repeatable levels by time:
       D: 669 daAuts
